 Dungeon Crawl Stone Soup version 0.31-a0-426-g3a05650e59 (webtiles) character file.

Game seed: 12641664663165357743

2462 cforsyth the Prestidigitator (level 9, -2/68 HPs)
             Began as a Gnoll Artificer on July 30, 2023.
             Slain by Duvessa
             ... wielding a +2 short sword of venom
              (3 damage)
             ... on level 7 of the Dungeon.
             The game lasted 00:13:24 (6041 turns).

cforsyth the Prestidigitator (Gnoll Artificer)      Turns: 6041, Time: 00:13:24

Health: -2/68      AC: 14    Str: 12 (15) XL:     9   Next: 50%
Magic:  15/15      EV: 10    Int: 10 (12) God:
Gold:   482        SH:  5    Dex: 11 (12) Spells: 16/16 levels left

rFire   . . .        E - +4 hammer of Mena {venom, rPois rC+}
rCold   + . .        (no shield)
rNeg    + . .        j - +0 scale mail
rPois   +            f - +0 helmet
rElec   .            D - +0 cloak
rCorr   .            (no gloves)
SInv    .            (no boots)
Will    .....        i - amulet of reflection
Stlth   +            n - +4 ring of protection
HPRegen 0.31/turn    u - ring of positive energy
MPRegen 0.14/turn

%: reflection
@: lethally poisoned (-2 -> -10), weak-willed, enlightened, flying, invisible
A: fangs 1, strong nose, distributed training
a: no special abilities


You were on level 7 of the Dungeon.
You visited 1 branch of the dungeon, and saw 7 of its levels.

You collected 482 gold pieces.

Inventory:

Hand Weapons
 a - a +0 club
 k - a +3 spear
 E - the +4 hammer of Mena (weapon) {venom, rPois rC+}
   (You found it on level 4 of the Dungeon)

   rC:        It protects you from cold.
   rPois:     It protects you from poison.
Armour
 b - a +0 leather armour
 f - a +0 helmet (worn)
 j - a +0 scale mail (worn)
 D - a +0 cloak (worn)
Jewellery
 i - an amulet of reflection (around neck)
 n - a +4 ring of protection (left hand)
 u - a ring of positive energy (right hand)
 C - an amulet of magic regeneration
Wands
 c - a wand of flame (4) (quivered)
 d - a wand of charming (15)
 e - a wand of iceblast (4)
 r - a wand of paralysis (10)
 x - a wand of mindburst (9)
 A - a wand of polymorph (13)
Scrolls
 g - 5 scrolls of teleportation {unknown}
 l - 2 scrolls of fog
 m - 2 scrolls of identify {unknown}
 o - a scroll of torment {unknown}
 p - a scroll of noise
 y - a scroll of blinking {unknown}
 z - a scroll of summoning {unknown}
 G - a scroll of fear {unknown}
 H - a scroll of immolation {unknown}
 I - a scroll of vulnerability
 J - a scroll of brand weapon {unknown}
 K - a scroll of enchant weapon {unknown}
 L - a scroll of amnesia {unknown}
 N - a scroll of acquirement {unknown}
Potions
 h - 2 potions of enlightenment
 q - a potion of mutation {unknown}
 s - 2 potions of invisibility
 t - 2 potions of berserk rage {unknown}
 v - a potion of lignification {unknown}
 w - 4 potions of heal wounds {unknown}
 B - a potion of brilliance {unknown}
 F - 2 potions of might {unknown}
 M - 2 potions of degeneration
 O - a potion of haste {unknown}


   Skills:
 + Level 5.1 Fighting
 + Level 4.4 Short Blades
 + Level 4.4 Long Blades
 + Level 4.4 Axes
 + Level 4.4 Maces & Flails
 + Level 4.4 Polearms
 + Level 4.4 Staves
 + Level 4.4 Ranged Weapons
 + Level 4.4 Throwing
 + Level 6.4 Armour
 + Level 5.1 Dodging
 + Level 5.0 Stealth
 + Level 4.4 Shields
 + Level 4.4 Unarmed Combat
 + Level 4.4 Spellcasting
 + Level 3.6 Conjurations
 + Level 3.6 Hexes
 + Level 3.6 Summonings
 + Level 3.6 Necromancy
 + Level 3.6 Translocations
 + Level 3.6 Transmutations
 + Level 3.6 Fire Magic
 + Level 3.6 Ice Magic
 + Level 3.6 Air Magic
 + Level 3.6 Earth Magic
 + Level 3.6 Poison Magic
 + Level 4.8 Invocations
 + Level 8.0 Evocations
 + Level 3.6 Shapeshifting


You had 16 spell levels left.
You didn't know any spells.
Your spell library contained the following spells:

 Spells                   Type           Power      Damage    Failure   Level
 Magic Dart               Conj           36%        1d4       24%         1
 Shock                    Conj/Air       36%        1d5       24%         1
 Sting                    Tmut/Pois      36%        1d4       24%         1
 Cigotuvi's Dreadful Rot  Necr/Pois/Air  18%        N/A       36%         2
 Poisonous Vapours        Pois/Air       18%        N/A       36%         2
 Searing Ray              Conj           18%        2d5       36%         2
 Dazzling Flash           Conj/Hex       18%        N/A       58%         3
 Ozocubu's Armour         Ice            9%         N/A       58%         3
 Swiftness                Air            9%         N/A       58%         3
 Airstrike                Air            4%         2d(1-17)  94%         4
 Fulminant Prism          Conj/Hex       4%         3d5       94%         4
 Olgreb's Toxic Radiance  Pois           9%         N/A       94%         4
 Summon Ice Beast         Ice/Summ       9%         N/A       94%         4
 Agony                    Necr           9%         N/A       100%        5
 Metabolic Englaciation   Hex/Ice        4%         N/A       100%        5
 Silence                  Hex/Air        4%         N/A       100%        5
 Simulacrum               Ice/Necr       4%         N/A       100%        6


Dungeon Overview and Level Annotations

Branches:
Dungeon (7/15)             Temple (0/1) D:5

Altars:
Nemelex Xobeh
Trog
Vehumet

Shops:
D:5 =

Annotations:
D:7 Dowan, Duvessa


Innate Abilities, Weirdness & Mutations

You have very sharp teeth.
Your uncanny sense of smell can sniff out nearby items.
Your experience applies equally to all skills.


Message History

Okay, then.
Okay, then.
Okay, then.
Level annotation: Dowan, Duvessa Welcome back, cforsyth the Gnoll Artificer.
Press ? for a list of commands and other information.
As you read the scroll labelled AGOSUC YSUAZUM, it crumbles to dust.
You hear a loud clanging noise!
It was a scroll of noise.
You feel very sick.
You hear a shout! x2; You hear a bark!
You hear a shout!
Duvessa says, "My weaknesses are his strengths!"
Duvessa hits you with a +2 short sword of venom.
* * * LOW HITPOINT WARNING * * *
The orc closely misses you. Dowan casts a spell at you.
You block puff of frost... and reflect it back!
The puff of frost hits Dowan!
It was a potion of invisibility.
You fade into invisibility!
You feel sick. Duvessa hits you but does no damage.
You are lethally poisoned!
You block the orc's attack.
Duvessa hits you with a +2 short sword of venom.
* * * LOW HITPOINT WARNING * * *
Dowan closely misses you.
It was a potion of enlightenment.
You feel very buoyant.
You fly up into the air.
* * * LOW HITPOINT WARNING * * *
You feel very sick. Duvessa misses you. The orc hits you but does no damage.
Dowan hits you but does no damage.
It was a potion of degeneration.
There was something very wrong with that liquid.
You feel weakened.
You feel dopey.
You feel clumsy.
* * * LOW HITPOINT WARNING * * *
You feel very sick.
Duvessa hits you with a +2 short sword of venom.
You die...

#.. #.# #.# #.#
#### ####.#####
....###....#...##
................##
####....§§§§§...#
#....§e@§§...#
#...§§§oe§§..#
##...§§§§§..##
##..§§#§§.##
##..#<#####
##..##.# .
#...##.#
...#######.#.##.##
e...o..#...#.#...#
..


You could see Duvessa (fast, unable to see you, poisoned, weak-willed), Dowan
(unable to see you, weak-willed) and an orc (unable to see you, weak-willed).

Vanquished Creatures
  Prince Ribbit (D:6)
  A steam dragon (D:6)
  A water moccasin (D:6)
  2 orc warriors
  3 black bears (D:6)
  An ogre (D:5)
  A centaur (D:6)
  A kobold brigand (D:6)
  4 bullfrogs (D:6)
  3 scorpions
  6 wights
  A howler monkey (D:6)
  An orc priest (D:7)
  3 hounds
  A jelly (D:5)
  Crazy Yiuf (D:4)
  A gnoll bouda (D:6)
  2 iguanas (D:6)
  6 orc wizards
  2 gnolls
  7 adders
  A shadow imp (D:6)
  2 white imps
  A worm (D:2)
  3 dart slugs
  7 orcs
  6 endoplasms
  A giant cockroach (D:4)
  4 goblins
  6 hobgoblins
  2 jackals (D:3)
  8 kobolds
  4 quokkas
  A ball python (D:1)
  5 bats
  5 frilled lizards
  2 rats (D:1)
107 creatures vanquished.

Vanquished Creatures (others)
  2 gnolls (D:6)
2 creatures vanquished.

Grand Total: 109 creatures vanquished

Notes
Turn   | Place    | Note
-------+----------+-------------------------------------------
     0 | D:1      | cforsyth the Gnoll Artificer began the quest for the Orb.
     0 | D:1      | Reached XP level 1. HP: 17/17 MP: 1/1
   274 | D:1      | Reached XP level 2. HP: 16/23 MP: 2/2
   588 | D:1      | Reached XP level 3. HP: 19/28 MP: 3/3
   978 | D:2      | You fall into a shaft and drop 2 floors!
  1124 | D:4      | Noticed a scorpion
  1135 | D:4      | Killed a scorpion
  1136 | D:4      | Reached skill level 1 in Short Blades
  1136 | D:4      | Reached skill level 1 in Long Blades
  1136 | D:4      | Reached skill level 1 in Axes
  1136 | D:4      | Reached skill level 1 in Maces & Flails
  1136 | D:4      | Reached skill level 1 in Polearms
  1136 | D:4      | Reached skill level 1 in Staves
  1136 | D:4      | Reached skill level 1 in Ranged Weapons
  1136 | D:4      | Reached skill level 1 in Throwing
  1136 | D:4      | Reached skill level 1 in Shields
  1136 | D:4      | Reached skill level 1 in Unarmed Combat
  1136 | D:4      | Reached skill level 1 in Spellcasting
  1136 | D:4      | Reached skill level 1 in Conjurations
  1136 | D:4      | Reached skill level 1 in Hexes
  1136 | D:4      | Reached skill level 1 in Summonings
  1136 | D:4      | Reached skill level 1 in Necromancy
  1136 | D:4      | Reached skill level 1 in Translocations
  1136 | D:4      | Reached skill level 1 in Transmutations
  1136 | D:4      | Reached skill level 1 in Fire Magic
  1136 | D:4      | Reached skill level 1 in Ice Magic
  1136 | D:4      | Reached skill level 1 in Air Magic
  1136 | D:4      | Reached skill level 1 in Earth Magic
  1136 | D:4      | Reached skill level 1 in Poison Magic
  1136 | D:4      | Reached skill level 1 in Invocations
  1136 | D:4      | Reached skill level 1 in Shapeshifting
  1136 | D:4      | Reached XP level 4. HP: 16/34 MP: 5/5
  1628 | D:2      | Reached XP level 5. HP: 40/40 MP: 5/7
  2430 | D:3      | Found a sparkling altar of Nemelex Xobeh.
  2689 | D:4      | Found a runed translucent door.
  2690 | D:4      | Noticed Crazy Yiuf
  2983 | D:4      | Killed Crazy Yiuf
  2993 | D:4      | Identified the +4 hammer of Mena {venom, rPois rC+}
  3033 | D:5      | Entered Level 5 of the Dungeon
  3033 | D:5      | Found a bloodstained altar of Trog.
  3222 | D:5      | Found a staircase to the Ecumenical Temple.
  3300 | D:5      | Reached XP level 6. HP: 46/47 MP: 8/8
  3427 | D:5      | Identified the +0 scale mail of the Original Sin {rF++}
  3491 | D:5      | Found Erar's Jewellery Shop.
  3608 | D:5      | Reached skill level 5 in Armour
  3792 | D:5      | Reached skill level 7 in Evocations
  3792 | D:5      | Reached XP level 7. HP: 51/52 MP: 10/10
  4448 | D:6      | Reached XP level 8. HP: 56/60 MP: 12/12
  4870 | D:7      | Noticed Prince Ribbit
  5149 | D:6      | Reached XP level 9. HP: 63/66 MP: 14/14
  5251 | D:6      | Found a radiant altar of Vehumet.
  5667 | D:6      | Reached skill level 5 in Fighting
  5667 | D:6      | Reached skill level 5 in Dodging
  5735 | D:6      | Killed Prince Ribbit
  5736 | D:6      | Reached skill level 5 in Stealth
  5897 | D:7      | Got the Book of the Snowy Hornet
  5935 | D:7      | Noticed Duvessa
  5935 | D:7      | Noticed Dowan
  6029 | D:7      | Reached skill level 8 in Evocations
  6041 | D:7      | HP: 1/68 [poisoned by Duvessa]
  6041 | D:7      | Slain by Duvessa

Illustrated notes

Levels and vault maps discovered:
D:1:      co_arrival_random_square_maze, layout_rooms
D:2:      layout_loops_ring, minmay_misc_feat_encased
D:3:      layout_basic, nemelex_diamond_rough_becter
D:4:      layout_cave_pools, minmay_crystal_water, kennysheep_dice,
          uniq_crazy_yiuf_cottage
D:5:      layout_cave_pods, bloody_trog, minmay_temple_entry_trees,
          serial_shops, nicolae_shop_gaudy_bauble,
          amcnicky_mini_rare_corridor_liquid, grunt_ministairs_5
D:6:      minmay_angry_zag, layout_rooms, mainiacjoe_overflow_boulevard
D:7:      layout_rooms, nicolae_shop_vocational, uniq_duvessa,
          uniq_prince_ribbit1

Skill      XL: |  1  2  3  4  5  6  7  8  9 |
---------------+----------------------------+-----
Short Blades   | 1 2 3 4 |  4.4
Long Blades    | 1 2 3 4 |  4.4
Axes           | 1 2 3 4 |  4.4
Maces & Flails | 1 2 3 4 |  4.4
Polearms       | 1 2 3 4 |  4.4
Staves         | 1 2 3 4 |  4.4
Ranged Weapons | 1 2 3 4 |  4.4
Throwing       | 1 2 3 4 |  4.4
Shields        | 1 2 3 4 |  4.4
Unarmed Combat | 1 2 3 4 |  4.4
Spellcasting   | 1 2 3 4 |  4.4
Conjurations   | 1 2 3 |  3.6
Hexes          | 1 2 3 |  3.6
Summonings     | 1 2 3 |  3.6
Necromancy     | 1 2 3 |  3.6
Translocations | 1 2 3 |  3.6
Transmutations | 1 2 3 |  3.6
Fire Magic     | 1 2 3 |  3.6
Ice Magic      | 1 2 3 |  3.6
Air Magic      | 1 2 3 |  3.6
Earth Magic    | 1 2 3 |  3.6
Poison Magic   | 1 2 3 |  3.6
Invocations    | 1 2 3 4 |  4.8
Shapeshifting  | 1 2 3 |  3.6
Fighting       | 3 4 5 |  5.1
Dodging        | 3 4 5 |  5.1
Stealth        | 3 4 5 |  5.0
Armour         | 5 6 |  6.4
Evocations     | 7 8 |  8.0

Action                     |  1- 3 |  4- 6 |  7- 9 || total
---------------------------+-------+-------+-------++-------
  Melee: Club              |    51 |       |       ||    51
         Bite              |     7 |     9 |    30 ||    46
         Spear             |    38 |   115 |       ||   153
         Punch             |       |     2 |     9 ||    11
         Mace              |       |    29 |   213 ||   242
  Evoke: Wand              |    11 |     1 |     1 ||    13
    Use: Scroll            |       |       |     3 ||     3
         Potion            |       |       |     3 ||     3
   Stab: Sleeping          |     1 |       |       ||     1
 Armour: Leather armour    |    19 |       |       ||    19
         Scale mail        |    15 |    57 |   133 ||   205
  Dodge: Dodged            |    55 |    56 |   151 ||   262
  Block: Other             |     1 |    26 |    71 ||    98
         Reflection        |       |     1 |     2 ||     3

Table legend: (Time is in decaauts)
 A = Elapsed time spent in this place.
 B = Non-inter-level travel time spent in this place.
 C = Inter-level travel time spent in this place.
 D = Time resting spent in this place.
 E = Time spent auto-exploring this place.
 F = Levels seen in this place.
 G = Mean time per level.
                   A        B        C        D        E       F      G
               +--------+--------+--------+--------+--------+-----+--------+
         Total |   6126 |   5874 |    252 |    669 |   4088 |   7 |  875.1 |
       Dungeon |   6126 |   5874 |    252 |    669 |   4088 |   7 |  875.1 |
               +--------+--------+--------+--------+--------+-----+--------+

Top non-repeatable levels by time:
     D:5: 1498 daAuts
     D:6: 1397 daAuts
     D:4: 855 daAuts
     D:1: 821 daAuts
     D:2: 727 daAuts
     D:3: 649 daAuts
     D:7: 177 daAuts
